AoeStats
← serkan0735

Arabia

509469379Analyzed
1v1 RM · 6d ago on Sep 26, 2026· 38m 34s· 2 players
Game mode
Random Map
Map size
Tiny (2 player)
Population
200
Speed
Normal
Resources
Standard
Victory
Conquest
Starting age
Dark Age
Ending age
Imperial Age
RankedLock teamsTeams togetherTeam positionsShared explorationLock speedFull tech treeHidden civsTurbo modeCheats
Victory
Defeat
🇹🇷 Vietnamese · Türkiye
933
+16
🇩🇪 Franks · Germany
933
-27
BerndMaiwald
11:43 Feudal Age
12:55 Man-at-Arms
13:37 Double-Bit Axe
27:33 Castle Age
28:01 Pikeman
serkan0735
6:52 Loom
10:07 Feudal Age
11:25 Double-Bit Axe
13:33 Bloodlines
22:19 Castle Age
25:54 Bow Saw
26:01 Husbandry
26:45 Gold Mining
26:42 Horse Collar
28:41 Scale Barding Armor
28:47 Forging
32:52 Wheelbarrow
36:10 Arson
36:27 Squires
36:46 Hand Cart
Connection lost

Rejoining the realm…

Still unreachable

The connection could not be restored.

Session expired

The server has moved on; the page needs a fresh start.